Map: Port Aleksander LE

Players

RatAttack - Winner!

  • Race: Terran Terran
  • League: Gold
  • Spawn Location: 11:00

TiPtOP

  • Race: Terran Terran
  • League: Silver
  • Spawn Location: 5:00

VOD

Have the link to the VOD?

Description

Time

  • Played on: May 7, 2019, 8:29 a.m.
  • Length: 24:55
Show
View Real Time Build Order
Export as new Build Order

RatAttack Terran - Winner!

Build Orders: Mech 

Get SALT Encoding   

  12  0:01  SCV  
  13  0:13  SCV  
  14  0:19  Supply Depot  
  14  0:25  SCV  
  15  0:40  SCV  
  16  0:45  Barracks  
  16  0:52  SCV  
  17  1:04  SCV  
  18  1:16  Refinery, SCV  
  19  1:29  SCV  
  19  1:31  Marine  
  21  1:40  Command Center  
  21  1:41  SCV  
  22  1:53  SCV  
  23  2:09  Orbital Command  
  23  2:12  Barracks Reactor, Supply Depot x2  
  22  2:48  Factory, Marine x2  
  24  2:52  SCV  
  24  2:58  Refinery  
  25  3:06  Marine x2  
  25  3:08  Bunker  
  27  3:13  Orbital Command  
  27  3:24  Marine x2  
  29  3:33  Command Center, Factory Reactor  
  29  3:40  Orbital Command  
  29  3:51  Bunker  
  29  3:58  SCV  
  30  4:07  SCV  
  31  4:10  SCV  
  31  4:11  Marine x2  
  31  4:13  Hellion  
  31  4:14  Hellion  
  38  4:19  SCV  
  38  4:23  Engineering Bay  
  39  4:29  Marine x2  
  41  4:34  Widow Mine  
  41  4:35  Widow Mine  
  45  4:40  SCV  
  45  4:41  SCV  
  47  4:53  SCV x2  
  47  4:54  SCV  
  50  5:03  Factory  
  50  5:05  SCV  
  50  5:06  SCV  
  50  5:18  Widow Mine  
  50  5:19  Widow Mine  
  54  5:23  Factory  
  54  5:24  Factory  
  54  5:27  Factory  
  54  5:28  Refinery, SCV x2  
  54  5:29  Refinery  
  54  5:34  Orbital Command  
  56  5:40  SCV  
  56  5:41  SCV  
  58  5:43  Widow Mine x2  
  58  5:47  Refinery  
  62  5:51  Refinery  
  62  6:00  Widow Mine  
  64  6:12  SCV  
  64  6:13  SCV x2  
  64  6:17  Factory Tech Lab  
  67  6:18  Factory Reactor  
  67  6:21  Factory Reactor  
  67  6:25  SCV x2, Factory Reactor  
  69  6:26  SCV  
  69  6:30  Hellion  
  69  6:31  Marine  
  69  6:36  Supply Depot x3  
  69  6:37  Supply Depot  
  69  6:41  Supply Depot  
  69  6:42  Supply Depot  
  69  6:57  Marine x2  
  69  6:58  Siege Tank, Hellion x2  
  78  7:25  Widow Mine  
  78  7:26  Widow Mine x6  
  78  7:27  Widow Mine  
  94  7:30  Siege Tank  
  97  7:37  SCV  
  97  7:38  SCV x2  
  100  7:47  Armory  
  100  7:50  Armory  
  100  7:52  Command Center  
  95  8:32  Widow Mine, Engineering Bay  
  95  8:33  Widow Mine x5  
  95  8:34  Widow Mine x2  
  109  8:35  Drilling Claws  
  111  8:58  SCV  
  111  9:00  SCV x2  
  114  9:03  Terran Vehicle And Ship Armor Level 1  
  114  9:04  Terran Ship Weapons Level 1  
  114  9:10  SCV  
  114  9:12  SCV x2, Starport  
  114  9:14  Planetary Fortress  
  116  9:22  SCV  
  111  9:35  Widow Mine  
  111  9:36  Widow Mine x7  
  111  9:37  Widow Mine  
  127  9:55  Starport Reactor, Starport  
  127  9:57  Widow Mine  
  129  10:11  SCV x3  
  132  10:19  Command Center  
  132  10:29  Supply Depot x2  
  132  10:31  Supply Depot  
  132  10:44  Starport Reactor  
  132  10:46  SCV x2  
  132  10:47  SCV x2  
  126  10:51  Supply Depot  
  126  10:52  Supply Depot  
  126  10:53  Hellion  
  126  10:54  Supply Depot  
  126  10:56  Infernal Pre-Igniter  
  124  10:57  Terran Vehicle Weapons Level 1  
  124  10:59  SCV  
  124  11:01  Terran Vehicle And Ship Armor Level 2  
  124  11:03  SCV x3  
  128  11:09  Missile Turret  
  128  11:10  Refinery  
  128  11:11  Refinery, SCV  
  128  11:15  SCV x3  
  132  11:18  Missile Turret  
  132  11:23  Hellion x4, SCV  
  132  11:24  Hellion x5  
  151  11:27  SCV  
  152  11:39  Missile Turret  
  152  11:44  Hellion  
  152  11:45  Hellion x3  
  160  12:07  Hellion x6  
  160  12:08  Hellion x2  
  172  12:15  Mag-Field Accelerator  
  172  12:16  Viking x4  
  148  12:46  Viking x2  
  148  12:51  Terran Ship Weapons Level 2  
  152  12:52  Widow Mine  
  152  12:53  Widow Mine x8  
  170  13:00  SCV  
  170  13:01  Hellion x3, SCV x3  
  170  13:13  Widow Mine, SCV x4  
  170  13:14  Widow Mine x2, Command Center  
  170  13:23  Command Center  
  166  13:30  Command Center  
  166  13:31  Command Center  
  164  13:35  Widow Mine x9  
  182  13:54  Smart Servos  
  182  13:56  Widow Mine  
  182  13:57  Widow Mine  
  186  14:09  Command Center  
  186  14:19  Widow Mine  
  186  14:20  Widow Mine x3  
  186  14:22  Terran Vehicle And Ship Armor Level 3  
  194  14:25  Supply Depot  
  194  14:26  Widow Mine x3  
  194  14:27  Supply Depot x2  
  194  14:29  Refinery  
  200  14:35  Widow Mine  
  200  14:36  Widow Mine  
  200  14:37  Refinery  
  198  14:40  Widow Mine, Refinery  
  198  14:44  Refinery x2  
  200  14:51  Orbital Command  
  200  15:04  Planetary Fortress  
  200  15:07  Terran Vehicle Weapons Level 2  
  200  15:14  Neosteel Armor  
  200  15:22  Planetary Fortress x2  
  186  15:54  Refinery x2  
  180  16:33  Widow Mine  
  180  16:34  Widow Mine x8  
  180  16:39  Orbital Command  
  198  16:47  Command Center  
  198  16:54  Hi-Sec Auto Tracking  
  198  16:56  Widow Mine  
  198  16:57  Widow Mine  
  198  16:58  Command Center  
  198  16:59  Terran Ship Weapons Level 3  
  190  17:29  Widow Mine x9  
  198  17:46  Orbital Command  
  198  17:50  Widow Mine  
  200  18:05  Command Center  
  200  18:12  Command Center  
  188  18:44  Widow Mine  
  188  18:45  Widow Mine x5  
  200  18:50  Refinery  
  160  19:46  Widow Mine  
  160  19:47  Widow Mine x8  
  164  20:01  Command Center x2  
  164  20:04  Command Center  
  162  20:08  Widow Mine x2  
  166  20:19  Widow Mine x3  
  166  20:20  Widow Mine x4  
  180  20:29  Widow Mine x2  
  184  20:40  Widow Mine  
  184  20:41  Widow Mine x6  
  186  20:50  Widow Mine  
  186  20:51  Widow Mine  
  186  20:53  Medivac x4  
  195  21:20  Planetary Fortress  
  195  21:23  Medivac  
  176  22:12  Planetary Fortress x2  
  139  22:42  Widow Mine x9  
  133  23:03  Widow Mine x3  
  133  23:04  Widow Mine x6  
  141  23:24  Widow Mine  
  141  23:25  Widow Mine x8  
  148  23:36  Command Center x2  
  148  23:38  Command Center  
  148  23:40  Command Center  
  147  23:52  Medivac x4  
  147  23:54  Widow Mine  
  147  23:55  Widow Mine x8  
  173  24:16  Widow Mine x4  
  181  24:22  Medivac  
Show
View Real Time Build Order
Export as new Build Order

TiPtOP Terran 

Build Orders: Reaper Expand 

Get SALT Encoding   

  12  0:01  SCV  
  13  0:13  SCV  
  14  0:20  Supply Depot  
  14  0:26  SCV  
  15  0:42  SCV  
  16  0:44  Barracks  
  16  0:57  Refinery  
  16  1:08  SCV  
  17  1:20  SCV  
  18  1:35  Supply Depot  
  18  1:40  Orbital Command  
  18  1:43  Reaper  
  19  2:10  Barracks  
  19  2:23  Command Center  
  19  2:43  SCV  
  20  2:55  SCV  
  21  2:58  Factory  
  21  3:00  Barracks Reactor  
  21  3:01  Barracks Tech Lab  
  20  3:24  Marauder  
  22  3:29  SCV  
  23  3:41  SCV  
  23  3:47  Supply Depot, Factory Reactor  
  24  3:55  Starport  
  24  4:04  Marine x2  
  24  4:06  Marauder  
  28  4:15  SCV  
  28  4:16  SCV  
  30  4:27  SCV  
  30  4:28  Marine x2  
  30  4:29  SCV, Marauder  
  36  4:46  Factory Tech Lab  
  36  4:47  Supply Depot  
  36  4:53  Refinery  
  36  4:56  SCV  
  36  4:58  SCV  
  38  5:10  SCV  
  38  5:12  SCV  
  40  5:22  SCV  
  40  5:27  Medivac  
  43  5:30  Marine x3  
  46  5:37  Stimpack  
  46  5:44  Supply Depot  
  46  5:47  SCV  
  46  5:48  Marine  
  48  5:50  SCV  
  49  5:59  Barracks  
  49  6:02  SCV  
  50  6:07  SCV  
  50  6:11  Medivac  
  53  6:15  Command Center  
  53  6:19  SCV  
  51  6:39  SCV  
  52  6:44  Marine x3  
  52  6:45  Command Center  
  55  6:51  SCV  
  56  7:02  Marine x4  
  60  7:18  Medivac  
  60  7:19  Marine  
  60  7:20  Marine x2  
  60  7:21  SCV  
  67  7:23  SCV  
  68  7:33  SCV  
  68  7:35  Barracks Reactor, SCV  
  69  7:40  Supply Depot  
  69  7:47  SCV  
  70  7:56  Marauder  
  72  8:02  Supply Depot  
  58  8:18  Marauder  
  58  8:19  SCV x3  
  63  8:21  Marine x4  
  67  8:39  Marine x5  
  72  8:42  Medivac  
  72  8:44  Siege Tank  
  72  8:45  SCV  
  78  8:56  Marine  
  78  8:58  Engineering Bay  
  78  9:00  Engineering Bay  
  75  9:26  Marine x3  
  75  9:27  Marine x2  
  76  9:38  SCV  
  75  9:39  SCV x2  
  75  9:44  Marine x5  
  82  9:46  Siege Tank  
  82  9:50  SCV  
  86  10:00  Medivac x2  
  86  10:02  SCV, Marine x5  
  86  10:05  Terran Infantry Weapons Level 1  
  86  10:06  Terran Infantry Armor Level 1  
  96  10:14  Barracks, Supply Depot  
  96  10:16  Supply Depot  
  96  10:18  Siege Tank  
  96  10:19  Marine  
  96  10:20  Marine  
  101  10:24  Combat Shield  
  101  10:33  Barracks  
  101  10:36  Marine x3  
  101  10:37  Marine x2  
  92  10:53  Marine x3  
  92  10:55  SCV  
  96  11:07  SCV  
  96  11:08  Missile Turret  
  96  11:09  Marine x2  
  100  11:11  Bunker, Marine x3  
  100  11:12  Missile Turret  
  103  11:19  SCV  
  103  11:20  Barracks Reactor  
  103  11:23  Barracks Reactor  
  103  11:27  Marine x2  
  103  11:28  Missile Turret  
  103  11:29  Marine x3  
  108  11:45  Marine x2  
  110  11:47  Marine  
  110  11:49  Missile Turret  
  103  12:10  Missile Turret  
  94  12:35  Missile Turret  
  88  12:39  Marine x6  
  88  12:40  Marine x3  
  92  12:59  Missile Turret  
  81  13:29  SCV x2  
  81  13:30  SCV, Marine x4  
  81  13:31  Marine x5  
  93  13:38  Armory  
  93  13:41  SCV  
  93  13:42  Siege Tank  
  93  13:44  Medivac x2  
  93  13:48  Marine x6  
  102  13:49  Marine x3  
  102  13:54  Factory  
  110  13:57  Factory  
  110  14:14  Siege Tank  
  109  14:51  Marine x4  
  109  14:52  Marine x4  
  117  14:59  Supply Depot  
  117  15:02  Supply Depot  
  117  15:04  Supply Depot  
  117  15:06  Supply Depot  
  117  15:20  SCV x2, Marine x6  
  117  15:21  Marine x3  
  108  15:32  SCV x2  
  109  15:38  Marauder  
  111  15:44  SCV  
  110  16:00  Marauder  
  104  16:21  Marauder  
  104  16:23  Marine x3  
  104  16:24  Marine x5  
  107  16:35  Medivac x2  
  107  16:38  Siege Tank  
  114  16:41  Marine x4  
  114  16:42  Marine x4  
  114  16:43  Marauder  
  124  16:48  SCV x3  
  126  16:59  Marine x6  
  126  17:00  SCV x3, Marine x2  
  137  17:10  Siege Tank  
  103  17:37  Marine x4  
  103  17:38  Marine x5  
  103  17:42  Orbital Command  
  111  17:45  Orbital Command  
  111  17:55  Marine x5  
  111  17:56  Marine x4, Supply Depot  
  120  17:58  Supply Depot  
  118  18:13  Marine x7  
  118  18:14  Marine x2  
  125  18:30  Bunker  
  125  18:31  Marine x5  
  125  18:32  Missile Turret  
  97  18:34  Missile Turret  
  97  18:35  Missile Turret  
  96  18:46  Marine x4  
  100  18:48  Marine x2  
  100  18:49  Marine x3  
  73  19:03  Marine  
  73  19:04  Marine x3  
  73  19:09  Siege Tank  
  79  19:21  Marine x6  
  79  19:22  Marine x3  
  76  19:38  Marine  
  76  19:39  Marine x7  
  76  19:40  Marine  
  76  19:41  Siege Tank  
  83  19:56  Marine x2  
  83  19:57  Marine x7  
  82  20:14  Siege Tank, Marine x2  
  85  20:17  Terran Infantry Weapons Level 2  
  85  20:18  Terran Infantry Armor Level 2  
  87  20:22  Marine x4  
  87  20:23  Marine x3  
  87  20:26  Medivac x2  
  98  20:32  Marine x2  
  89  20:40  Marine x3  
  92  20:46  Siege Tank  
  95  20:50  Refinery, SCV  
  95  20:52  Refinery  
  95  20:56  Medivac  
  98  21:02  SCV  
  99  21:14  SCV  
  100  21:20  Marine x2  
  100  21:21  Marine x7  
  109  21:38  Marine x3  
  109  21:39  Marine x6  
  118  21:56  Marine x4  
  118  21:57  Marine x5  
  77  22:49  Liberator  
  71  23:18  Refinery  
  71  23:22  Refinery  
Tags
 
Composition
Mech
Matchup
TvT
Race
Terran
Spawn Locations
Cross Positions
Add a new tag
Caveats
  • Supply blocks, unpowered buildings, or Contaminate may cause inaccurate times.
  • Supply counts are checked every 10 seconds.